 Dungeon Crawl Stone Soup version 0.29-a0-317-gd16b76e6b1 (webtiles) character file.

Game seed: 11791166195711889163

49 Ajdolov the Ogre Mage (level 3, -3/36 HPs)
             Began as an Ogre Earth Elementalist on Mar 30, 2022.
             Slain by an orc
             ... wielding a +0 mace
              (7 damage)
             ... on level 3 of the Dungeon.
             The game lasted 00:03:27 (2616 turns).

Ajdolov the Ogre Mage (Ogre Earth Elementalist)     Turns: 2616, Time: 00:03:28

Health: -3/36      AC:  3    Str: 12    XL:     3   Next: 75%
Magic:  6/7        EV:  9    Int: 24    God:
Gold:   100        SH:  0    Dex:  9    Spells: 4/8 levels left

rFire   . . .      SeeInvis .   l - +1 hand axe (venom)
rCold   . . .      Faith    .   (no shield)
rNeg    . . .      Spirit   .   b - +0 robe
rPois   .          Reflect  .   (helmet restricted)
rElec   .          Harm     .   (no cloak)
rCorr   .          Rampage  .   (gloves unavailable)
Will    .....                   (boots unavailable)
Stlth   +.........              (no amulet)
HPRegen 0.12/turn               m - +6 ring of intelligence
MPRegen 0.10/turn               (no ring)

@: no status effects
A: large, unfitting armour, tough skin 1
a: no special abilities


You were on level 3 of the Dungeon.
You visited 1 branch of the dungeon, and saw 3 of its levels.

You collected 133 gold pieces.
You spent 33 gold pieces at shops.

Inventory:

Hand Weapons
 l - a +1 hand axe of venom (weapon)
Missiles
 a - 92 stones
Armour
 b - a +0 robe (worn)
Jewellery
 m - a +6 ring of intelligence (left hand)
Scrolls
 d - 2 scrolls of identify {unknown}
 f - a scroll of immolation {unknown}
 i - a scroll of torment {unknown}
 k - a scroll of fog {unknown}
 n - a scroll of teleportation {unknown}
 o - a scroll of amnesia {unknown}
 p - a scroll of holy word {unknown}
Potions
 c - a potion of magic
 e - 3 potions of berserk rage {unknown}
 g - a potion of curing
 h - a potion of attraction {unknown}
 j - a potion of mutation {unknown}


   Skills:
 * Level 2.4 Fighting
 - Level 1.7 Dodging
 - Level 1.4 Stealth
 - Level 3.1 Spellcasting
 * Level 0.6 Conjurations
 - Level 0.8 Transmutations
 * Level 3.1 Earth Magic


You had 4 spell levels left.
You knew the following spells:

 Your Spells              Type           Power      Damage    Failure   Level
a - Sandblast             Erth           36%        2d10      3%          1
b - Stone Arrow           Conj/Erth      24%        3d8       16%         3

Your spell library contained the following spells:

 Spells                   Type           Power      Damage    Failure   Level
 Passwall                 Tmut/Erth      10%        N/A       7%          2
 Static Discharge         Conj/Air       5%         N/A       14%         2
 Petrify                  Tmut/Erth      13%        N/A       43%         4
 Sticky Flame             Conj/Fire      5%         2d3       67%         4
 Dispel Undead            Necr           3%         3d7       71%         4


Dungeon Overview and Level Annotations

Branches:
Dungeon (3/15)

Altars:

Shops:
D:1 ![=

Annotations:
D:3 2 transporters, kae's ghost, amateur TeFE


Innate Abilities, Weirdness & Mutations

You are too large for most types of armour.
You have tough skin. (AC +1)


Message History

The magic dart hits you. The orc barely misses you.
Unknown command.
You bump into the rock wall.
The orc closely misses you.
The orc wizard hits you with a +0 dagger.
The orc closely misses you.
The orc wizard hits you with a +0 dagger.
The orc hits you with a +0 flail.
Unknown command.
Unknown command.
You bump into the translucent stone wall.
You kill the orc!
The orc hits you with a +0 mace. The orc wizard barely misses you.
Unknown command.
You're too confused to move!
You feel less confused. The orc misses you.
The orc wizard hits you with a +0 dagger.
* * * LOW HITPOINT WARNING * * *
Unknown command.
You hit the orc wizard.
The orc wizard is poisoned.
The orc wizard is lightly wounded.
You hit the orc.
The orc is poisoned.
The orc closely misses you.
The orc wizard hits you with a +0 dagger.
* * * LOW HITPOINT WARNING * * *
The orc wizard hits you with a +0 dagger.
* * * LOW HITPOINT WARNING * * *
The orc hits you with a +0 mace.
* * * LOW HITPOINT WARNING * * *
Unknown command.
Casting: Sandblast (safe; 3% risk of failure)
Confirm with . or Enter, or press ? or * to list all spells.
Aiming: Sandblast (safe; 3% risk of failure)
Press: ? - help, Shift-Dir - straight line, f - orc wizard
Aim: an orc wizard, wielding a +0 dagger and wearing a +0 robe (lightly wounded, very poisoned, 74% to hit)
The blast of sand hits the orc wizard!
The orc wizard is severely wounded.
Kae's ghost screams, "You will never get the ORB!"
The orc wizard gestures at you while chanting.
You resist with some effort. The orc hits you with a +0 mace!
You die...

... #. #.........# ...
#.# #.........# .....
#.# #.........#
......#(# ####....#.#
......#.# #....#.# ....
.... .....#.#
.....##'######## #.#
......oo.$.....## #.#
#......@).......# #.#
....#########...# #.#
#..##©.Wog..##..# #.#
#..#8.#...#.8#..######.#
#..#...#.#...#..........
#..#.........#...#######
..©#....©...!#©..#
#..#........$#..##
#.#...#..#


You could see an orc wizard (very poisoned), kae's ghost, 2 orcs and a
hobgoblin.

Vanquished Creatures
  A worm (D:3)
  2 dart slugs
  An orc (D:3)
  A bat (D:3)
  4 endoplasms
  2 giant cockroaches
  3 goblins
  3 hobgoblins
  3 jackals (D:3)
  A kobold (D:1)
  4 quokkas
  6 ball pythons
  5 frilled lizards
  A rat (D:1)
37 creatures vanquished.

Vanquished Creatures (others)
  2 plants (D:1)
2 creatures vanquished.

Grand Total: 39 creatures vanquished

Notes
Turn   | Place    | Note
-------+----------+-------------------------------------------
     0 | D:1      | Ajdolov the Ogre Earth Elementalist began the quest for the
                  | Orb.
     0 | D:1      | Reached XP level 1. HP: 16/16 MP: 3/3
   328 | D:1      | Found Hytzoite's Jewellery Emporium.
   406 | D:1      | Found Lamiaz's Armour Emporium.
   411 | D:1      | Reached skill level 1 in Fighting
   457 | D:1      | Reached XP level 2. HP: 27/27 MP: 2/5
   741 | D:1      | Found Cinoevuw's Distillery.
   773 | D:1      | Bought a potion of curing for 33 gold pieces
   784 | D:1      | Found a faded altar of an unknown god.
  1477 | D:2      | Reached XP level 3. HP: 21/35 MP: 2/7
  1606 | D:2      | Learned a level 3 spell: Stone Arrow
  2603 | D:3      | Found a transporter.
  2603 | D:3      | Noticed kae's ghost (amateur TeFE)
  2606 | D:3      | Found a transporter.
  2616 | D:3      | Slain by an orc

Illustrated notes

Levels and vault maps discovered:
D:1:      erik_arrival_orb_chamber, layout_basic,
          shapermc_ecumenical_altar_totnotflames, serial_bayou,
          serial_bayou_crossing, serial_bayou_ford_a, serial_bayou_lake_a,
          serial_bayou_shore_b, serial_shops, nicolae_square_shop,
          nicolae_square_shop, nicolae_shop_crystal, minivault_5
D:2:      layout_loops_ring, hex_medium, minmay_tree_intersection
D:3:      layout_basic, gammafunk_ghost_arena

Skill      XL: |  1  2  3 |
---------------+----------+-----
Fighting       | 1 2 |  2.4
Spellcasting   | 3 |  3.1
Earth Magic    | 3 |  3.1
Dodging        | |  1.7
Stealth        | |  1.4
Conjurations   | |  0.6
Transmutations | |  0.8

Action                   || total
-------------------------++-------
Melee: Short sword       ||     5
       Hand axe          ||    30
 Cast: Sandblast         ||    44
Armor: Robe              ||    15
Dodge: Dodged            ||    42

Table legend: (Time is in decaauts)
 A = Elapsed time spent in this place.
 B = Non-inter-level travel time spent in this place.
 C = Inter-level travel time spent in this place.
 D = Time resting spent in this place.
 E = Time spent auto-exploring this place.
 F = Levels seen in this place.
 G = Mean time per level.
                   A        B        C        D        E       F      G
               +--------+--------+--------+--------+--------+-----+--------+
         Total |   2694 |   2616 |     78 |      0 |   2325 |   3 |  898.0 |
       Dungeon |   2694 |   2616 |     78 |      0 |   2325 |   3 |  898.0 |
               +--------+--------+--------+--------+--------+-----+--------+

Top non-repeatable levels by time:
     D:1: 1373 daAuts
     D:2: 849 daAuts
     D:3: 471 daAuts
